[Event "Saturday 21 April Rapid Engine Tour 12+1 Rounds 9 Starts 1600ST"]
[Site "Infinity Chess"]
[Date "2018.4.21"]
[Round "6"]
[White "MiKachomiKa QueeN"]
[Black "ocirema"]
[Result "1/2-1/2"]
[ECO "C50"]
[WhiteElo "2401"]
[BlackElo "2416"]
[WhiteEngine "stockfish_18041819_x64_modern_CTG"]
[BlackEngine "asmFishW_2018-04-15_popcnt_CTG"]
[EventType "Swiss"]
[WhiteTeam ""]
[BlackTeam ""]
[PlyCount "99"]
[TimeControl "720+1"]

1. e4 e5 2. Nf3 Nc6 3. Bc4 Bc5 4. d3 Nf6 5. O-O d6 6. c3 a5 7. Bg5 h6 8. Bh4 O-O 
9. Re1 g5 10. Bg3 g4 11. Bh4 gxf3 12. Qxf3 Kg7 13. Nd2 Be6 14. Rad1 Bxc4 
15. Nxc4 Qe7 16. d4 exd4 17. Qg3+ Kh7 18. Qf4 Qe6 19. Bxf6 dxc3 20. Bxc3 f5 
21. e5 d5 22. Nd2 Rad8 23. Nb3 b6 24. Rd3 Rg8 25. Rf3 Rdf8 26. Bd2 Rg6 
27. Rg3 Rfg8 28. Nxc5 bxc5 29. h3 Rxg3 30. fxg3 a4 31. Rf1 c4 32. a3 Rg7 
33. Bc3 Rf7 34. Qe3 Ne7 35. Qa7 Nc6 36. Qf2 Ne7 37. Qc2 c5 38. Qxa4 d4 
39. Bd2 Ng6 40. Qb5 Qd5 41. Qa6 f4 42. a4 Rg7 43. Qd6 Qe4 44. Rxf4 Nxf4 
45. Bxf4 Rb7 46. Qxh6+ Kg8 47. Qe6+ Kh7 48. Qh6+ Kg8 49. Qg5+ Kh7 50. Qh6+ 
1/2-1/2

[Event "Saturday 21 April Rapid Engine Tour 12+1 Rounds 9 Starts 1600ST"]
[Site "Infinity Chess"]
[Date "2018.4.21"]
[Round "6"]
[White "Mr Aj"]
[Black "Dovahkiin"]
[Result "1-0"]
[ECO "A06"]
[WhiteElo "2431"]
[BlackElo "2410"]
[WhiteEngine "Houdini 6"]
[BlackEngine "BrainFish_180418_x64_modern_CTG"]
[EventType "Swiss"]
[WhiteTeam ""]
[BlackTeam ""]
[PlyCount "58"]
[TimeControl "720+1"]

1. Nf3 d5 2. d4 Nf6 3. c4 e6 4. e3 Be7 5. Nc3 O-O 6. a3 b6 7. cxd5 exd5 
8. Bd3 Nbd7 9. O-O Bb7 10. b3 Bd6 11. Nb5 Be7 12. Ne5 c5 13. Bb2 a6 14. Nc3 Bd6 
15. f4 b5 16. Qf3 g6 17. a4 cxd4 18. exd4 b4 19. Nd1 Ne4 20. Qe2 f5 
21. Bxe4 dxe4 22. Qc4+ Kg7 23. d5 Nf6 24. Nc6 Qb6+ 25. Bd4 Qc7 26. Ne3 a5 
27. Ne5 Qxc4 28. bxc4 Kg8 29. h3 Rad8 1-0

[Event "Saturday 21 April Rapid Engine Tour 12+1 Rounds 9 Starts 1600ST"]
[Site "Infinity Chess"]
[Date "2018.4.21"]
[Round "6"]
[White "Vimtiroba"]
[Black "Deep_Impact"]
[Result "1/2-1/2"]
[ECO "C50"]
[WhiteElo "2412"]
[BlackElo "2438"]
[WhiteEngine "AsmFish A12_CTG"]
[BlackEngine "BrainFish_180411_x64_bmi2"]
[EventType "Swiss"]
[WhiteTeam ""]
[BlackTeam ""]
[PlyCount "225"]
[TimeControl "720+1"]

1. e4 e5 2. Nf3 Nc6 3. Bc4 Bc5 4. d3 Nf6 5. O-O d6 6. c3 a5 7. Nbd2 O-O 8. h3 h6 
9. a4 Be6 10. Re1 Ba7 11. Bxe6 fxe6 12. Nf1 d5 13. Be3 Bxe3 14. Rxe3 d4 
15. Re1 Nh5 16. g3 Nf6 17. Rc1 Nd7 18. N1h2 Ra6 19. Qb3 Nc5 20. Qb5 Nd7 
21. Rc2 Rb6 22. Qc4 Qe8 23. Kg2 Kh8 24. Rf1 Kg8 25. Nd2 Qe7 26. Ng4 Ra6 
27. h4 Rb6 28. Qa2 Ra6 29. f3 Rf7 30. Nf2 Qf8 31. Qc4 Rb6 32. Qa2 Ra6 
33. Qc4 Rb6 34. Rfc1 Qe7 35. Qa2 Ra6 36. Rd1 Qd6 37. Qc4 Rb6 38. Rb1 Qf8 
39. Rd1 Qd6 40. Rdc1 Qe7 41. Qa2 Ra6 42. Ra1 Qc5 43. Qb3 Rb6 44. Qc4 Qd6 
45. Rd1 Kh7 46. Rdc1 Kg8 47. Rd1 Nc5 48. Qa2 Ra6 49. Ng4 Nd7 50. h5 Qe7 
51. Nc4 Ra8 52. Qb3 b6 53. Qb5 Na7 54. Qb3 Nc6 55. Rf2 Kh7 56. Rff1 Rff8 
57. Nd2 Qd6 58. Nc4 Qe7 59. Nd2 Rfd8 60. Qc4 Qd6 61. Rh1 Rab8 62. Qb5 Na7 
63. Qb3 b5 64. axb5 Rxb5 65. Qc2 Nc6 66. Nc4 Qe7 67. cxd4 Nxd4 68. Qd2 Nc6 
69. Rhf1 Rdb8 70. Rf2 Qf7 71. Rh1 a4 72. Qe1 Qe8 73. Qc1 Rc5 74. Qb1 Rb3 
75. Nd2 Rb4 76. Nc4 Rb3 77. Nd2 Rb4 78. Nc4 Qb8 79. Qe1 Rb3 80. Rd2 Rcb5 
81. Qf2 Qd8 82. Ra1 R5b4 83. Nge3 Qg5 84. Nc2 Rb8 85. Rxa4 Qxh5 86. Ra3 Rxa3 
87. N2xa3 Qg5 88. Nc2 h5 89. Ne1 Kg8 90. Nc2 h4 91. Kh3 Rf8 92. Rd1 Qh5 
93. g4 Qh6 94. Ne1 g5 95. Rc1 Nd4 96. Nxe5 Nxe5 97. Qxd4 Nxf3 98. Nxf3 Rxf3+ 
99. Kh2 Qf8 100. Qe5 Qd6 101. Rc5 Qxe5+ 102. Rxe5 Rxd3 103. Rxg5+ Kf7 
104. Rh5 Rb3 105. Rxh4 Kg6 106. Rh5 Kf6 107. Rc5 Rxb2+ 108. Kg3 e5 109. g5+ Kxg5 
110. Rxe5+ Kf6 111. Rc5 Rb1 112. Kf4 Rf1+ 113. Ke3 1/2-1/2

[Event "Saturday 21 April Rapid Engine Tour 12+1 Rounds 9 Starts 1600ST"]
[Site "Infinity Chess"]
[Date "2018.4.21"]
[Round "6"]
[White "Thinker"]
[Black "KhalidOmar"]
[Result "1/2-1/2"]
[ECO "B54"]
[WhiteElo "2450"]
[BlackElo "2447"]
[WhiteEngine "BrainFish_180411_x64_modern_CTG"]
[BlackEngine "Eman 1.70-beta24 64-bit BMI2"]
[EventType "Swiss"]
[WhiteTeam ""]
[BlackTeam ""]
[PlyCount "79"]
[TimeControl "720+1"]

1. e4 c5 2. Nf3 d6 3. d4 cxd4 4. Nxd4 Nc6 5. Nc3 e5 6. Ndb5 a6 7. Na3 b5 
8. Nd5 Nf6 9. Bg5 Be7 10. Bxf6 Bxf6 11. c3 Rb8 12. Nc2 Bg5 13. a4 bxa4 
14. Ncb4 Nxb4 15. Nxb4 Bd7 16. Bxa6 Qa5 17. Qxd6 Rb6 18. Qd3 Be6 19. Bc4 Rxb4 
20. Bxe6 O-O 21. cxb4 Qxb4+ 22. Qc3 Qxe4+ 23. Kf1 fxe6 24. Re1 Qf5 25. Qf3 e4 
26. Qxf5 exf5 27. g4 e3 28. gxf5 Rxf5 29. Re2 Bf6 30. Rg1 Rxf2+ 31. Rxf2 exf2 
32. Rg4 Bxb2 33. Rxa4 Be5 34. h3 Kf7 35. Kxf2 h5 36. Ke3 g5 37. Ke4 Bf6 
38. Kf5 g4 39. hxg4 hxg4 40. Rxg4 1/2-1/2

[Event "Saturday 21 April Rapid Engine Tour 12+1 Rounds 9 Starts 1600ST"]
[Site "Infinity Chess"]
[Date "2018.4.21"]
[Round "6"]
[White "IronMan"]
[Black "Time_bandit"]
[Result "1/2-1/2"]
[ECO "D20"]
[WhiteElo "2449"]
[BlackElo "2460"]
[WhiteEngine "Eman 170b23-EXP2"]
[BlackEngine "asmFishW_2018-04-11_bmi2"]
[EventType "Swiss"]
[WhiteTeam ""]
[BlackTeam ""]
[PlyCount "130"]
[TimeControl "720+1"]

1. d4 d5 2. c4 dxc4 3. e3 Nf6 4. Bxc4 e6 5. Nf3 a6 6. O-O c5 7. b3 b5 
8. Be2 Nbd7 9. a4 b4 10. Bb2 Bb7 11. Nbd2 Be7 12. Rc1 Rc8 13. dxc5 Nxc5 
14. Rc4 Ncd7 15. Rxc8 Qxc8 16. Nc4 Bd5 17. Qc2 O-O 18. Rc1 Qa8 19. Na5 h6 
20. Bd4 Bd6 21. Ne1 Be4 22. Bd3 Bd5 23. Bf1 Be4 24. Bd3 Bd5 25. Be2 Be4 
26. Qd2 Bd5 27. Bf3 Bxf3 28. Nxf3 Rc8 29. Bxf6 Nxf6 30. Rxc8+ Qxc8 31. Nc4 Bc5 
32. Nfe5 Qc7 33. Qd1 Nd5 34. g3 f6 35. Nd3 Be7 36. Qg4 Qd7 37. Qg6 Bf8 
38. Qg4 Be7 39. f3 f5 40. Qd4 Bf6 41. Nde5 Qc7 42. Kf1 Kh7 43. e4 Ne7 44. f4 Qb7 
45. Ke2 Ng6 46. Ke3 Ne7 47. Kf3 Ng6 48. Kf2 Bxe5 49. Nxe5 Nxe5 50. Qxe5 Qc8 
51. exf5 exf5 52. Kf3 Qc6+ 53. Ke2 Kg6 54. Kd2 Qd7+ 55. Ke3 a5 56. Qxa5 Qe6+ 
57. Kd4 Qxb3 58. Kc5 Qc3+ 59. Kb5 Qd3+ 60. Kxb4 Qd2+ 61. Kb5 Qe2+ 62. Kc6 Qe6+ 
63. Kb5 Qe2+ 64. Kb4 Qe1+ 65. Kb5 Qe2+ 1/2-1/2

[Event "Saturday 21 April Rapid Engine Tour 12+1 Rounds 9 Starts 1600ST"]
[Site "Infinity Chess"]
[Date "2018.4.21"]
[Round "6"]
[White "MarioDeMonti"]
[Black "Marsell"]
[Result "1/2-1/2"]
[ECO "C55"]
[WhiteElo "2474"]
[BlackElo "2479"]
[WhiteEngine "stockfish_x64_bmi2_2018_02_18_CTG"]
[BlackEngine "BrainFish_180418_x64_bmi2"]
[EventType "Swiss"]
[WhiteTeam ""]
[BlackTeam ""]
[PlyCount "130"]
[TimeControl "720+1"]

1. e4 e5 2. Nf3 Nc6 3. Bc4 Nf6 4. d3 Bc5 5. c3 d6 6. O-O O-O 7. h3 a6 8. Re1 Ba7 
9. a4 h6 10. Nbd2 Nh5 11. Nf1 Qf6 12. Ne3 Nf4 13. Ng4 Qg6 14. Bxf4 exf4 
15. d4 Bxg4 16. hxg4 Qxg4 17. e5 dxe5 18. Nxe5 Nxe5 19. Rxe5 f3 20. Qxf3 Qxf3 
21. gxf3 Rfe8 22. f4 Rac8 23. b4 c6 24. Rxe8+ Rxe8 25. Kg2 g6 26. f5 Kg7 
27. fxg6 fxg6 28. Rd1 Bb8 29. d5 Rd8 30. Bb3 cxd5 31. Bxd5 Be5 32. c4 b6 
33. Re1 Kf6 34. f4 Bd6 35. Kf3 a5 36. bxa5 bxa5 37. Kg4 h5+ 38. Kf3 g5 
39. Re6+ Kf5 40. fxg5 Kxg5 41. Kg2 h4 42. Kh3 Bg3 43. Re7 Rb8 44. Rg7+ Kf6 
45. Ra7 Kg5 46. Rxa5 Rb3 47. Rb5 Rc3 48. Kg2 Kf4 49. Rb2 Kg4 50. Be6+ Kg5 
51. a5 Be5 52. Rb6 h3+ 53. Bxh3 Rg3+ 54. Kf1 Rxh3 55. Rb5 Kf6 56. Rb6+ Ke7 
57. Rb5 Bc7 58. Kf2 Kd7 59. Kg2 Rh7 60. c5 Kc6 61. Rb4 Rh2+ 62. Kf1 Bxa5 
63. Rf4 Be1 64. Kxe1 Rb2 65. Rf5 Rb1+ 1/2-1/2

[Event "Saturday 21 April Rapid Engine Tour 12+1 Rounds 9 Starts 1600ST"]
[Site "Infinity Chess"]
[Date "2018.4.21"]
[Round "6"]
[White "Susanne"]
[Black "Eman"]
[Result "1/2-1/2"]
[ECO "B90"]
[WhiteElo "2515"]
[BlackElo "2465"]
[WhiteEngine "stockfish_jvv01_x64_bmi2_CTG"]
[BlackEngine "Eman 1.70-beta24 64-bit POPCNT"]
[EventType "Swiss"]
[WhiteTeam ""]
[BlackTeam ""]
[PlyCount "96"]
[TimeControl "720+1"]

1. e4 c5 2. Nf3 d6 3. d4 cxd4 4. Nxd4 Nf6 5. Nc3 a6 6. Be3 e5 7. Nb3 Be7 
8. Be2 Be6 9. Qd3 Nc6 10. a3 Rc8 11. Nd5 O-O 12. Nb6 Rb8 13. Rd1 Ng4 
14. Bxg4 Bxg4 15. f3 Be6 16. O-O f5 17. Nd5 fxe4 18. fxe4 Rxf1+ 19. Rxf1 Bg5 
20. Bxg5 Qxg5 21. Nd2 Qd8 22. Nf3 h6 23. b4 Rc8 24. Rd1 Bg4 25. Rd2 b5 
26. h3 Bxf3 27. Qxf3 Nd4 28. Qf2 Rc4 29. c3 Ne6 30. a4 Qf8 31. Qe3 Nf4 
32. axb5 axb5 33. Kh2 Qf7 34. Nxf4 exf4 35. Qd3 Qg6 36. Qxd6 Qg3+ 37. Kg1 Kh7 
38. Rd3 Qe1+ 39. Kh2 Qxe4 40. Qd7 Qg6 41. Qd5 Re4 42. Qxb5 Re2 43. Qd5 Rd2 
44. Rxd2 Qg3+ 45. Kg1 Qe1+ 46. Kh2 Qg3+ 47. Kg1 Qe1+ 48. Kh2 Qg3+ 1/2-1/2

[Event "Saturday 21 April Rapid Engine Tour 12+1 Rounds 9 Starts 1600ST"]
[Site "Infinity Chess"]
[Date "2018.4.21"]
[Round "6"]
[White "SkyPilot"]
[Black "KQRBNP"]
[Result "1/2-1/2"]
[ECO "C55"]
[WhiteElo "2478"]
[BlackElo "2383"]
[WhiteEngine "stockfish_x64_bmi2_2018_04_07_CTG"]
[BlackEngine "Eman 1.70-beta24 64-bit POPCNT"]
[EventType "Swiss"]
[WhiteTeam ""]
[BlackTeam ""]
[PlyCount "227"]
[TimeControl "720+1"]

1. e4 e5 2. Nf3 Nc6 3. Bc4 Nf6 4. d3 Bc5 5. c3 d6 6. O-O O-O 7. h3 a5 
8. Nbd2 Be6 9. Bb5 h6 10. Re1 Qb8 11. Nf1 Qa7 12. Ne3 a4 13. Re2 Rfd8 
14. Bxc6 bxc6 15. Nf1 Re8 16. Ng3 Rab8 17. Rc2 Qb7 18. Qe2 Qa6 19. c4 Qc8 
20. Be3 Bxe3 21. fxe3 Qd8 22. Rf1 Nd7 23. Rf2 Qe7 24. Qd2 c5 25. Ne2 Rb7 
26. Nc3 Ra8 27. Rf1 Nf8 28. Kh2 Qd8 29. Qe1 Ng6 30. Kg1 f6 31. Qd2 Qb8 
32. Qe2 Qc8 33. Rf2 Bd7 34. Nd2 Qe8 35. Nf1 Ne7 36. Kh2 Qg6 37. g4 Qf7 
38. Ng3 Kh7 39. Nf5 Rg8 40. Rd2 Rf8 41. Qd1 Rbb8 42. Rf1 a3 43. bxa3 Nc8 
44. h4 Qe8 45. a4 Ne7 46. Rdf2 Nxf5 47. gxf5 c6 48. Rg2 Qd8 49. Qc2 Rg8 
50. Kg3 Qa5 51. Rgg1 Rb7 52. Kh2 Rb6 53. Rb1 Rb4 54. Rb2 Qa7 55. Qg2 Be8 
56. Rgb1 Bh5 57. a3 Rxb2 58. Qxb2 Qa5 59. Rg1 Qc7 60. Kg3 g6 61. Kh2 Qa7 
62. fxg6+ Rxg6 63. Rxg6 Kxg6 64. Kg3 Kf7 65. Kf2 Ke7 66. Ke1 Bg4 67. Kd2 h5 
68. Qb1 Qc7 69. Kc2 Kd7 70. Qe1 Qa7 71. Qf2 Ke6 72. Kb3 Qb8+ 73. Ka2 Qb6 
74. Qg2 Qa5 75. Kb3 Qb6+ 76. Ka2 Kd7 77. Qf1 Ke6 78. Qh1 Kd7 79. Qg2 Qa5 
80. Kb3 Kd8 81. Kc2 Ke7 82. Qd2 Kd7 83. Qg2 Qb6 84. Qf1 Ke6 85. Qf2 Qa5 
86. Kb3 Ke7 87. Qd2 Kd7 88. Kc2 Qa7 89. Qe1 Ke6 90. Qc1 Qb8 91. Qg1 Qb6 
92. Qa1 Qb7 93. Qg1 Qb6 94. Qh2 Qc7 95. Kb2 Qb8+ 96. Kc2 Qa7 97. Qg3 Qb6 
98. Qg2 Qa6 99. Qg3 Qa7 100. Kb3 Qb6+ 101. Ka2 Qa5 102. Kb2 Qb6+ 103. Ka2 Qb8 
104. Qe1 Qa7 105. Qd2 Qa5 106. d4 cxd4 107. exd4 exd4 108. Qxd4 Ke7 109. Kb1 Be6 
110. Kc2 Bf7 111. Kd2 Be6 112. Kc2 Bf7 113. Kb3 Be6 114. Kc2 1/2-1/2

[Event "Saturday 21 April Rapid Engine Tour 12+1 Rounds 9 Starts 1600ST"]
[Site "Infinity Chess"]
[Date "2018.4.21"]
[Round "6"]
[White "hafaba"]
[Black "MedusaV3"]
[Result "1/2-1/2"]
[ECO "C55"]
[WhiteElo "2464"]
[BlackElo "2399"]
[WhiteEngine "Eman 1.70-beta21 64-bit POPCNT_CTG"]
[BlackEngine "Eman 1.70-beta23 64-bit BMI2_CTG"]
[EventType "Swiss"]
[WhiteTeam ""]
[BlackTeam ""]
[PlyCount "121"]
[TimeControl "720+1"]

1. e4 e5 2. Nf3 Nc6 3. Bc4 Nf6 4. d3 Bc5 5. O-O d6 6. c3 a5 7. Nbd2 h6 
8. Re1 O-O 9. h3 a4 10. Nf1 Ra5 11. Ng3 b5 12. b4 axb3 13. Bxb3 Be6 14. Rb1 Bb6 
15. d4 Bxb3 16. axb3 Re8 17. Be3 Ra2 18. Rc1 Qd7 19. Rc2 Ra6 20. Qd2 Kh7 
21. Rcc1 exd4 22. Nxd4 Ne5 23. Qe2 Rb8 24. Rcd1 Ng6 25. b4 Kh8 26. Kh1 Kg8 
27. f3 Ra4 28. Ngf5 Kh7 29. Qd2 Bxd4 30. cxd4 Ng8 31. Rc1 d5 32. Bf4 Rb7 
33. Rc5 dxe4 34. fxe4 Nxf4 35. Qxf4 g6 36. Rd5 Qe6 37. Ne3 c6 38. Rd6 g5 
39. Qf5+ Qxf5 40. Nxf5 Rxb4 41. Rc1 Rc4 42. Rxc4 bxc4 43. Rxc6 Ne7 44. Nxe7 Rxe7 
45. e5 Re6 46. Rxc4 f6 47. exf6 Kg6 48. Kh2 Re2 49. Rc6 h5 50. h4 gxh4 
51. Rc3 Kxf6 52. Rf3+ Kg6 53. Rd3 Kf7 54. d5 Ke7 55. d6+ Kd7 56. Kh3 Ra2 
57. Rd4 Rf2 58. Rxh4 Kxd6 59. Rxh5 Rf1 60. Kg3 Rb1 61. Kg4 1/2-1/2

[Event "Saturday 21 April Rapid Engine Tour 12+1 Rounds 9 Starts 1600ST"]
[Site "Infinity Chess"]
[Date "2018.4.21"]
[Round "6"]
[White "Gilgamesch"]
[Black "star99"]
[Result "1/2-1/2"]
[ECO "C42"]
[WhiteElo "2468"]
[BlackElo "2463"]
[WhiteEngine "BrainFish_180408_x64_bmi2"]
[BlackEngine "Cryptic Heroes 9.4B"]
[EventType "Swiss"]
[WhiteTeam ""]
[BlackTeam ""]
[PlyCount "78"]
[TimeControl "720+1"]

1. e4 e5 2. Nf3 Nf6 3. Nxe5 d6 4. Nf3 Nxe4 5. d4 d5 6. Bd3 Nc6 7. O-O Be7 
8. Nbd2 Nd6 9. c3 Bf5 10. Be2 O-O 11. Re1 a5 12. Nf1 a4 13. Bf4 Ne4 14. Ne3 Be6 
15. Nd2 f5 16. Nxe4 fxe4 17. Bg4 Bf7 18. f3 Bg5 19. Bxg5 Qxg5 20. fxe4 dxe4 
21. Bf5 Bh5 22. Bg4 Bf7 23. Qc2 Bg6 24. Be6+ Kh8 25. Qe2 Bh5 26. Bg4 Bf7 
27. Bh3 Bh5 28. Bg4 Bf7 29. Bd7 Rad8 30. Qg4 Qb5 31. Bxc6 bxc6 32. Nf5 Bg6 
33. Ne7 Qxb2 34. Nxg6+ hxg6 35. Qh3+ Kg8 36. Qe6+ Kh7 37. Qh3+ Kg8 38. Qe6+ Kh7 
39. Qh3+ Kg8 1/2-1/2

[Event "Saturday 21 April Rapid Engine Tour 12+1 Rounds 9 Starts 1600ST"]
[Site "Infinity Chess"]
[Date "2018.4.21"]
[Round "6"]
[White "angriff"]
[Black "Katzenmaier"]
[Result "0-1"]
[ECO "C55"]
[WhiteElo "2407"]
[BlackElo "2496"]
[WhiteEngine "DracoREX 3.07 64BIT POPCNT_CTG"]
[BlackEngine "Raubfisch X38a."]
[EventType "Swiss"]
[WhiteTeam ""]
[BlackTeam ""]
[PlyCount "240"]
[TimeControl "720+1"]

1. e4 e5 2. Nf3 Nc6 3. Bc4 Nf6 4. d3 Bc5 5. O-O O-O 6. c3 d6 7. Bg5 h6 8. Bh4 a6 
9. a4 g5 10. Bg3 g4 11. Bh4 gxf3 12. Qxf3 Kg7 13. Kh1 Be6 14. Qg3+ Kh7 
15. Qf3 Kg7 16. b4 Ba7 17. Bd5 Rg8 18. Nd2 Qe7 19. g4 Nxd5 20. Bxe7 Ndxe7 
21. Rg1 Ng6 22. Nf1 Nh4 23. Qg3 Ng6 24. Qf3 Nh4 25. Qe2 Kh7 26. Ne3 Ng6 
27. Qd2 Nf4 28. Rg3 a5 29. b5 Ne7 30. d4 Rae8 31. f3 Neg6 32. Rb1 Ra8 
33. Nf5 Bb6 34. Ra1 Rae8 35. Rb1 Ne7 36. Ne3 f6 37. Rbg1 Neg6 38. Rf1 Nh4 
39. d5 Bd7 40. Nc4 Rc8 41. Rb1 Nhg6 42. Nxb6 cxb6 43. Qe3 Rc5 44. h3 h5 
45. Rb2 h4 46. Rg1 Nxh3 47. Rc1 Rgc8 48. c4 Ngf4 49. Qc3 Kg8 50. Qb3 Kf7 
51. Kh2 Ke7 52. Kh1 Rh8 53. Rh2 Rhc8 54. Qc2 Rh8 55. Qd1 Ng5 56. Rf2 Rhc8 
57. Qb3 Rg8 58. Rh2 Rgc8 59. Ra2 Ngh3 60. Kh2 Ng5 61. Kh1 Rb8 62. Rh2 Rg8 
63. Qe3 Ngh3 64. Rc3 Rd8 65. Qc1 Rh8 66. Qc2 Ng5 67. Rf2 Rhc8 68. Rf1 Rg8 
69. Kh2 Rh8 70. Rf2 Be8 71. Qb3 Bf7 72. Kh1 Nh7 73. Rh2 Nf8 74. Rcc2 Rc8 
75. Qe3 Nd7 76. Qe1 Bg6 77. Kg1 Nc5 78. Kh1 h3 79. Rhd2 Rcg8 80. Ra2 Bxe4 
81. fxe4 Rxg4 82. Ra3 Rhg8 83. Rf3 Nxa4 84. Qe3 Nc5 85. Rh2 Nxe4 86. Qxb6 f5 
87. Qe3 Kf6 88. c5 dxc5 89. Rhxh3 Nxh3 90. Rxh3 Rg2 91. Rh6+ Ke7 92. d6+ Kd8 
93. Rh8 Nf2+ 94. Qxf2 Rxf2 95. Rxg8+ Kd7 96. Kg1 Rb2 97. Kf1 c4 98. Ke1 Kxd6 
99. Kd1 Rxb5 100. Kc2 Rb3 101. Rd8+ Kc5 102. Ra8 b6 103. Re8 Kd5 104. Rd8+ Ke4 
105. Rd1 a4 106. Re1+ Kd5 107. Rd1+ Ke6 108. Ra1 a3 109. Kd1 f4 110. Kd2 b5 
111. Rh1 b4 112. Ra1 Rb2+ 113. Kd1 a2 114. Rc1 Rb1 115. Rxb1 axb1=Q+ 
116. Ke2 Qd3+ 117. Kf2 c3 118. Ke1 Qd2+ 119. Kf1 f3 120. Kg1 Qg2# 0-1

[Event "Saturday 21 April Rapid Engine Tour 12+1 Rounds 9 Starts 1600ST"]
[Site "Infinity Chess"]
[Date "2018.4.21"]
[Round "5"]
[White "Mr Aj"]
[Black "MiKachomiKa QueeN"]
[Result "1/2-1/2"]
[ECO "C26"]
[WhiteElo "2432"]
[BlackElo "2400"]
[WhiteEngine "Houdini 6"]
[BlackEngine "stockfish_18041819_x64_modern_CTG"]
[EventType "Swiss"]
[WhiteTeam ""]
[BlackTeam ""]
[PlyCount "130"]
[TimeControl "720+1"]

1. e4 e5 2. Nc3 Nf6 3. Nf3 Nc6 4. Bb5 Nd4 5. Bc4 c6 6. Nxe5 d5 7. exd5 cxd5 
8. Be2 Qe7 9. f4 Qc5 10. Bd3 Bd6 11. b4 Qxb4 12. Rb1 Qa5 13. Nb5 Nxb5 
14. Bxb5+ Kf8 15. Be2 Qxa2 16. Rb3 h5 17. O-O a6 18. c4 b5 19. Rb2 Qa5 
20. cxb5 axb5 21. Rxb5 Qa7+ 22. d4 g6 23. Kh1 h4 24. Bd3 Rh5 25. Qc2 Qc7 
26. Qxc7 Bxc7 27. Bb2 Kg7 28. Rc1 Bd8 29. Kg1 Rh8 30. Rb3 Ba5 31. Rf1 Bd2 
32. Bc1 Bxc1 33. Rxc1 Be6 34. Re1 Rhe8 35. Rb7 Ne4 36. h3 Nd6 37. Rb3 Bf5 
38. Bxf5 Nxf5 39. Rb7 Re7 40. Rxe7 Nxe7 41. Rb1 Ra7 42. Rb5 Ra1+ 43. Kh2 Nf5 
44. Nf3 Ra2 45. Rb7 Ng3 46. Nxh4 Nf1+ 47. Kg1 Ng3 48. Nf3 Ne2+ 49. Kh2 Nxf4 
50. Ne5 Rxg2+ 51. Kh1 Rf2 52. Rxf7+ Kg8 53. h4 Rf1+ 54. Kh2 Rf3 55. Nxf3 Kxf7 
56. Kg3 Nd3 57. Ng5+ Kf6 58. Nf3 Kf7 59. Ng5+ Ke7 60. Kh3 Nf4+ 61. Kg4 Ne2 
62. h5 gxh5+ 63. Kxh5 Nxd4 64. Kg4 Nc2 65. Kf4 Kd6 1/2-1/2

[Event "Saturday 21 April Rapid Engine Tour 12+1 Rounds 9 Starts 1600ST"]
[Site "Infinity Chess"]
[Date "2018.4.21"]
[Round "5"]
[White "ocirema"]
[Black "angriff"]
[Result "0-1"]
[ECO "C24"]
[WhiteElo "2434"]
[BlackElo "2389"]
[WhiteEngine "asmFishW_2018-04-15_popcnt_CTG"]
[BlackEngine "DracoREX 3.07 64BIT POPCNT_CTG"]
[EventType "Swiss"]
[WhiteTeam ""]
[BlackTeam ""]
[PlyCount "224"]
[TimeControl "720+1"]

1. e4 e5 2. Bc4 Nf6 3. d3 c6 4. Bb3 Bc5 5. Nf3 d6 6. h3 O-O 7. O-O Re8 8. c3 Bb6 
9. Re1 Nbd7 10. Nbd2 h6 11. d4 Nf8 12. Bc2 Ng6 13. a4 Bc7 14. b3 Bd7 
15. dxe5 dxe5 16. Nc4 Qe7 17. Ba3 c5 18. Nfd2 Rad8 19. Qf3 Nh4 20. Qe2 Nh7 
21. Qe3 b6 22. Qg3 Ng5 23. Rad1 Nxg2 24. Kxg2 Bxh3+ 25. Kh1 f5 26. f3 f4 
27. Qh4 Be6 28. Re2 a6 29. a5 b5 30. Nb6 Bxb6 31. axb6 Rb8 32. Nf1 Rxb6 
33. Nh2 a5 34. Rg2 Bf7 35. Qf2 Rc8 36. Rd2 a4 37. bxa4 bxa4 38. Ng4 Bc4 
39. Nh2 Rc7 40. Qe1 Kh7 41. Qf2 Bb3 42. Bd3 Be6 43. Bc2 Bb3 44. Bd3 Be6 
45. Bc2 Rbb7 46. Ng4 Bb3 47. Bd3 Rb8 48. Nh2 Be6 49. Bc2 Bb3 50. Bd3 Rd7 
51. Qe1 Be6 52. Bc2 Rxd2 53. Rxd2 Qc7 54. Qg1 Ra8 55. Qc1 Nh3 56. Qa1 Ng5 
57. Qc1 Bc4 58. Bd1 Ra6 59. Ng4 Rg6 60. Rg2 Rd6 61. Nxe5 Rxd1+ 62. Qxd1 Qxe5 
63. Qd7 Be6 64. Qd3 Bf7 65. c4 Bh5 66. Rf2 Qe6 67. e5+ Bg6 68. Qe2 Kh8 
69. Rg2 Bh5 70. Rxg5 Qh3+ 71. Kg1 hxg5 72. Qg2 Qf5 73. Qe2 g4 74. fxg4 Bxg4 
75. Qg2 Qb1+ 76. Kh2 Be6 77. Bxc5 Qf5 78. Qf3 Kg8 79. Kg1 Qxe5 80. Qa8+ Kf7 
81. Bf2 a3 82. Qa7+ Kg6 83. Qxa3 Bxc4 84. Qf3 Qg5+ 85. Kh2 Qh5+ 86. Qxh5+ Kxh5 
87. Bb6 g5 88. Kg2 Bd5+ 89. Kh2 g4 90. Bf2 Kg5 91. Be1 Kf5 92. Bf2 Ke5 
93. Bc5 Ke4 94. Kg2 Kf5+ 95. Kh2 g3+ 96. Kh3 Kg5 97. Be7+ Kh5 98. Bd6 Be6+ 
99. Kg2 Kg4 100. Kf1 Bc4+ 101. Kg1 f3 102. Bc5 Kf5 103. Be3 Ke4 104. Bb6 Kd3 
105. Kf1 Kd2+ 106. Kg1 Ke2 107. Bc5 Be6 108. Bd4 f2+ 109. Kg2 f1=Q+ 
110. Kxg3 Qf3+ 111. Kh2 Bd5 112. Ba1 Qg2# 0-1

[Event "Saturday 21 April Rapid Engine Tour 12+1 Rounds 9 Starts 1600ST"]
[Site "Infinity Chess"]
[Date "2018.4.21"]
[Round "5"]
[White "KhalidOmar"]
[Black "Vimtiroba"]
[Result "1/2-1/2"]
[ECO "D31"]
[WhiteElo "2448"]
[BlackElo "2411"]
[WhiteEngine "Eman 1.70-beta24 64-bit BMI2"]
[BlackEngine "AsmFish A12_CTG"]
[EventType "Swiss"]
[WhiteTeam ""]
[BlackTeam ""]
[PlyCount "126"]
[TimeControl "720+1"]

1. d4 d5 2. c4 e6 3. Nc3 c6 4. e3 Nd7 5. Nf3 Ngf6 6. Qc2 Bd6 7. Bd3 dxc4 
8. Bxc4 O-O 9. O-O b5 10. Be2 Bb7 11. Rd1 Qc7 12. Bd2 b4 13. Na4 c5 14. dxc5 a5 
15. a3 Be4 16. Qc4 Nxc5 17. Nxc5 Qxc5 18. Qxc5 Bxc5 19. axb4 axb4 20. Rac1 Rfc8 
21. Ne1 b3 22. Rc3 Be7 23. Rxb3 Bc6 24. Rb6 Nd5 25. Ra6 Rab8 26. Rb1 Be8 
27. Rc1 Rxc1 28. Bxc1 Bf6 29. e4 Bxb2 30. exd5 Bxc1 31. dxe6 Bd2 32. exf7+ Kxf7 
33. Ra1 Bc3 34. Rc1 Bd4 35. Nd3 Rb3 36. Nf4 Rb2 37. h4 Ke7 38. Rd1 Ba7 
39. Ra1 Bd4 40. Rd1 Be5 41. Nd5+ Kf8 42. Kf1 Ba4 43. Re1 Bd4 44. g3 Bd7 
45. Rd1 Be5 46. f4 Bh3+ 47. Ke1 Bd6 48. Rd2 Rxd2 49. Kxd2 Bc5 50. Nc3 Bg2 
51. Ke1 h6 52. h5 Ke7 53. Bd1 Ke6 54. Bg4+ Kf6 55. Na2 g5 56. hxg6 Kxg6 
57. Nc3 h5 58. Be2 h4 59. Bd3+ Kh6 60. gxh4 Kh5 61. Ne4 Bxe4 62. Bxe4 Kxh4 
63. f5 Bb4+ 1/2-1/2

[Event "Saturday 21 April Rapid Engine Tour 12+1 Rounds 9 Starts 1600ST"]
[Site "Infinity Chess"]
[Date "2018.4.21"]
[Round "5"]
[White "Dovahkiin"]
[Black "hafaba"]
[Result "0-1"]
[ECO "B90"]
[WhiteElo "2425"]
[BlackElo "2449"]
[WhiteEngine "BrainFish_180418_x64_modern_CTG"]
[BlackEngine "Eman 1.70-beta21 64-bit POPCNT_CTG"]
[EventType "Swiss"]
[WhiteTeam ""]
[BlackTeam ""]
[PlyCount "204"]
[TimeControl "720+1"]

1. e4 c5 2. Nf3 d6 3. d4 cxd4 4. Nxd4 Nf6 5. Nc3 a6 6. f3 e5 7. Nb3 Be6 
8. Be3 h5 9. Qd2 Nbd7 10. a3 Be7 11. O-O-O b5 12. Kb1 Rc8 13. h4 Nb6 
14. Qf2 Nfd7 15. Nd5 Nc4 16. g3 Nf6 17. Nxf6+ gxf6 18. Bd3 Qc7 19. f4 Bg4 
20. Rde1 Qc6 21. Nc1 O-O 22. Bd2 Bd8 23. Na2 a5 24. Rh2 Re8 25. Qf1 f5 
26. fxe5 Nxd2+ 27. Rxd2 Rxe5 28. exf5 Qe8 29. Rxe5 Qxe5 30. Bxb5 Bf6 31. c3 Qxg3 
32. Nc1 Kf8 33. Ne2 Qh2 34. Qf4 Qxf4 35. Nxf4 Bxh4 36. Be2 Bxf5+ 37. Ka1 Bg3 
38. Nxh5 Be5 39. Ba6 Ra8 40. Bd3 Bg6 41. Bxg6 fxg6 42. Rf2+ Ke7 43. Nf4 Rg8 
44. Kb1 g5 45. Nd5+ Ke6 46. Ne3 a4 47. Kc2 g4 48. Kd3 g3 49. Re2 Bf4 
50. Ng2+ Be5 51. Ne3 d5 52. Rg2 Kd6 53. Nf5+ Kc5 54. Nd4 Bxd4 55. cxd4+ Kd6 
56. Ke3 Rg4 57. Kf3 Rxd4 58. Kxg3 Re4 59. Kf3 Kc5 60. Rg1 Re6 61. Rg8 Kc4 
62. Ra8 Kb3 63. Rb8+ Kc2 64. Rb4 Kd3 65. Rxa4 d4 66. Ra7 Re3+ 67. Kf4 Ke2 
68. Rh7 Re8 69. Rh2+ Kd1 70. Rh1+ Ke2 71. Rh2+ Kd1 72. Rh1+ Kc2 73. Rh2+ Kc1 
74. Rh3 Kd2 75. Rh2+ Kc1 76. Rh3 Kd2 77. Rh2+ Re2 78. Rh8 d3 79. Kf3 Kc2 
80. b4 d2 81. Rc8+ Kd1 82. Rh8 Re7 83. Kf2 Rf7+ 84. Ke3 Rd7 85. Rc8 Ke1 
86. Rg8 Re7+ 87. Kf4 Rf7+ 88. Ke4 d1=Q 89. Rg1+ Rf1 90. Rxf1+ Kxf1 91. Ke3 Qa1 
92. Kd3 Qxa3+ 93. Kc4 Ke2 94. b5 Qd6 95. b6 Qxb6 96. Kd5 Kf3 97. Kc4 Ke4 
98. Kc3 Qd4+ 99. Kb3 Kd3 100. Ka2 Kc2 101. Ka3 Qe4 102. Ka2 Qa4# 0-1